 Dungeon Crawl Stone Soup version 0.28.0-53-g5a82cb258f (webtiles) character file.

Game seed: 10175728794111132590

59 Sin92 the Magician (level 3, -9/26 HPs)
             Began as a Demonspawn Hedge Wizard on July 12, 2022.
             Mangled by a worm (10 damage)
             ... on level 2 of the Dungeon.
             The game lasted 00:02:39 (2097 turns).

Sin92 the Magician (Demonspawn Hedge Wizard)        Turns: 2097, Time: 00:02:40

Health: -9/26      AC:  2    Str: 10    XL:     3   Next: 78%
Magic:  7/7        EV: 12    Int: 15    God:
Gold:   24         SH:  0    Dex: 14    Spells: 7/8 levels left

rFire   . . .      SeeInvis .   a - +0 dagger
rCold   . . .      Faith    .   (no shield)
rNeg    . . .      Spirit   .   b - +0 robe
rPois   .          Reflect  .   c - +0 hat
rElec   .          Harm     .   (no cloak)
rCorr   .          Rampage  .   (no gloves)
Will    .....                   (no boots)
Stlth   ++........              (no amulet)
HPRegen 0.08/turn               (no ring)
MPRegen 0.20/turn               (no ring)

@: no status effects
A: magic regeneration
a: no special abilities


You were on level 2 of the Dungeon.
You visited 1 branch of the dungeon, and saw 2 of its levels.

You collected 24 gold pieces.

Inventory:

Hand Weapons
 a - a +0 dagger (weapon)
Armour
 b - a +0 robe (worn)
 c - a +0 hat (worn)
Scrolls
 d - 2 scrolls of identify {unknown}
 f - a scroll of brand weapon {unknown}
Potions
 g - a potion of degeneration {unknown}


   Skills:
 + Level 1.0 Fighting
 + Level 1.0 Short Blades
 + Level 2.1 Dodging
 + Level 2.1 Stealth
 + Level 3.2 Spellcasting
 + Level 1.5 Conjurations
 - Level 1.0 Summonings
 + Level 1.4 Translocations


You had 7 spell levels left.
You knew the following spells:

 Your Spells              Type           Power      Damage    Failure   Level
a - Magic Dart            Conj           24%        1d4       11%         1

Your spell library contained the following spells:

 Spells                   Type           Power      Damage    Failure   Level
 Blink                    Tloc           12%        N/A       16%         2
 Slow                     Hex            8%         N/A       21%         1
 Call Imp                 Summ           5%         N/A       21%         2
 Conjure Flame            Conj/Fire      4%         6-21      41%         3
 Mephitic Cloud           Conj/Pois/Air  3%         N/A       43%         3


Dungeon Overview and Level Annotations

Branches:
Dungeon (2/15)

Altars:

Shops:
D:2 [


Innate Abilities, Weirdness & Mutations

You regenerate magic rapidly.


Message History

* * * LOW HITPOINT WARNING * * *
Your magical contamination has completely faded away.
You miss the kobold. The kobold hits you but does no damage.
You barely miss the kobold. The kobold closely misses you.
You closely miss the kobold. The kobold closely misses you.
You hit the kobold.
The kobold is severely wounded.
The kobold hits you with a +0 club.
* * * LOW HITPOINT WARNING * * *
You hit the kobold.
You kill the kobold!
Things that are here:
a +0 club; 5 stones; a kobold corpse Unknown command.
You start resting.
Magic restored.
You start resting.
You start resting.
A worm is nearby!
A worm is nearby!
The worm misses you. The worm bites you!
* * * LOW HITPOINT WARNING * * *
You hit the worm.
The worm is moderately wounded.
You hit the worm.
The worm is moderately wounded.
The worm closely misses you.
You hit the worm.
The worm is moderately wounded.
You hit the worm but do no damage.
The worm is moderately wounded.
The worm bites you.
* * * LOW HITPOINT WARNING * * *
You hit the worm but do no damage.
The worm is moderately wounded.
You hit the worm.
The worm is moderately wounded.
The worm bites you!
You die...

*,,* ****,**** *.#,**,* ######.**
###,######.*,**.** .......*
#..,,..#..,,,..,,*** #######*
#.#,*#.#.###.###,**, ###
#.#.##.#)......#,,,, ..#
#.#..†..).##.#.#***, #.######
#.####.##.#*,*,* *, #......#
####.####.#*.#,,,,* *, ....##.#
#.....@...#*.#,,,,* *,
###.##.####.####w####*......* **
###.##...<.....#.# *##...#*
.##.#######.##†#.## #...#####
.##.##### #.......## #...#...#
.##.....###........#####...#...##
........##.....................>.
.##..........##.....)............
.##.....###.#.#.#................


You could see a worm.

Vanquished Creatures
  2 adders (D:2)
  3 dart slugs
  2 endoplasms (D:1)
  5 goblins
  6 hobgoblins
  2 jackals (D:1)
  5 kobolds
  4 ball pythons
  A bat (D:1)
  A frilled lizard (D:2)
  2 rats
33 creatures vanquished.

Vanquished Creatures (others)
  5 plants (D:1)
5 creatures vanquished.

Grand Total: 38 creatures vanquished

Notes
Turn   | Place    | Note
-------+----------+-------------------------------------------
     0 | D:1      | Sin92 the Demonspawn Hedge Wizard began the quest for the
                  | Orb.
     0 | D:1      | Reached XP level 1. HP: 13/13 MP: 4/4
   379 | D:1      | Reached skill level 1 in Translocations
   589 | D:1      | Gained mutation: You regenerate magic rapidly. [demonic
                  | ancestry]
   589 | D:1      | Reached XP level 2. HP: 20/20 MP: 3/6
  1153 | D:1      | Reached XP level 3. HP: 24/25 MP: 7/7
  1288 | D:2      | Found Ruurhughu's Antique Armour Boutique.
  1429 | D:2      | HP: 1/25 [adder (3)]
  1905 | D:2      | Reached skill level 1 in Fighting
  1905 | D:2      | Reached skill level 1 in Short Blades
  1916 | D:2      | HP: 1/26 [kobold/+0 club (3)]
  2095 | D:2      | HP: 1/26 [worm (6)]
  2097 | D:2      | Mangled by a worm

Illustrated notes

Levels and vault maps discovered:
D:1:      wander_arrival_estate, layout_basic, serial_bayou_lake_a
D:2:      layout_loops_cross, serial_shops, shop,
          hellmonk_ecumenical_altar_lost_god

Skill      XL: |  1  2  3 |
---------------+----------+-----
Translocations | 1 |  1.4
Dodging        | 2 |  2.1
Stealth        | 2 |  2.1
Fighting       | 1 |  1.0
Short Blades   | 1 |  1.0
Spellcasting   | |  3.2
Conjurations   | |  1.5
Summonings     | |  1.0

Action                   || total
-------------------------++-------
Melee: Dagger            ||    72
 Cast: Magic Dart        ||    50
  Use: Scroll            ||     1
 Stab: Sleeping          ||     2
Armor: Robe              ||    11
Dodge: Dodged            ||    55
